 Dungeon Crawl Stone Soup version 0.30-a0-1124-g6e8f0f562f (webtiles) character file.

Game seed: 6603178336663019045

8 dave1331 the Cutter (level 2, -3/19 HPs)
             Began as a Kobold Berserker on Apr 24, 2023.
             Was a Follower of Trog.
             Frozen to death by an endoplasm (5 damage)
             ... on level 1 of the Dungeon.
             The game lasted 00:01:32 (230 turns).

dave1331 the Cutter (Kobold Berserker)               Turns: 230, Time: 00:01:33

Health: -3/19      AC:  2    Str: 14    XL:     2   Next: 15%
Magic:  2/2        EV: 15    Int:  8    God:    Trog [*.....]
Gold:   29         SH:  0    Dex: 14    Spells: 1/1 levels left

rFire   . . .        a - +0 short sword
rCold   . . .        (no shield)
rNeg    . . .        b - +0 animal skin
rPois   .            (no helmet)
rElec   .            (no cloak)
rCorr   .            (no gloves)
SInv    .            (no boots)
Will    .....        (no amulet)
Stlth   ++           (no ring)
HPRegen 0.23/turn    (no ring)
MPRegen 0.08/turn

%: no passive effects
@: no status effects
A: small, no large weapons, nightstalker 3
a: Renounce Religion, Berserk


You were on level 1 of the Dungeon.
You worshipped Trog.
Trog was aware of your devotion.
You visited 1 branch of the dungeon, and saw 1 of its levels.

You collected 29 gold pieces.

Inventory:

Hand Weapons
 a - a +0 short sword (weapon)
Armour
 b - a +0 animal skin (worn)
Jewellery
 c - an amulet of guardian spirit


   Skills:
 + Level 3.4 Fighting
 + Level 4.2 Short Blades
 + Level 1.7 Armour
 + Level 2.6 Dodging


You had one spell level left.
You didn't know any spells.
Your spell library was empty.

Dungeon Overview and Level Annotations

Branches:
Dungeon (1/15)

Altars:


Innate Abilities, Weirdness & Mutations

You are small and have problems with some larger weapons.
You are completely attuned to the shadows.


Message History

You hit the dart slug but do no damage.
The dart slug is severely wounded.
You hit the dart slug.
You kill the dart slug!
Trog accepts your kill.
You have reached level 2!
Found 8 stones.
Found a club.
You see here a +0 sling of flaming.
c - an amulet of guardian spirit You now have 29 gold pieces (gained 9).
You see here a quokka corpse.
A ball python comes into view.
A ball python is nearby!
An endoplasm comes into view.
The ball python hisses angrily.
The ball python misses you. The ball python grabs you.
The ball python constricts you.
You closely miss the ball python.
The endoplasm quivers.
The ball python bites you. The ball python constricts you.
You hit the ball python.
You kill the ball python!
Trog accepts your kill. The endoplasm freezes you.
You are frozen.
The endoplasm freezes you.
You are frozen.
The endoplasm freezes you.
You are frozen.
* * * LOW HITPOINT WARNING * * *
You barely miss the endoplasm. You hit the endoplasm.
The endoplasm is heavily wounded.
The endoplasm barely misses you.
You hit the endoplasm.
The endoplasm is severely wounded.
The endoplasm freezes you.
You are frozen.
You die...

##......# #......#
##......# ....#####
....# .....# ...##
.....# ..## #...# #
#..###########.J.#.#.
......†.........@....
....)......#######.#.
....†##.........# #
.....##...........
.....###...(......
.....# #..........
###### #.........#
.....######.......
........# ##.#####


You could see an endoplasm.

Vanquished Creatures
  A dart slug (D:1)
  2 goblins (D:1)
  A quokka (D:1)
  A ball python (D:1)
  A rat (D:1)
6 creatures vanquished.

Notes
Turn   | Place    | Note
-------+----------+-------------------------------------------
     0 | D:1      | dave1331 the Kobold Berserker began the quest for the Orb.
     0 | D:1      | Reached XP level 1. HP: 14/14 MP: 1/1
   109 | D:1      | Reached XP level 2. HP: 19/19 MP: 2/2
   230 | D:1      | Frozen to death by an endoplasm

Illustrated notes

Levels and vault maps discovered:
D:1:      dpeg_arrival_rooms_b, layout_basic

Action                     || total
---------------------------++-------
  Melee: Short sword       ||    22
   Stab: Sleeping          ||     1
 Armour: Animal skin       ||     2
  Dodge: Dodged            ||    10

Table legend: (Time is in decaauts)
 A = Elapsed time spent in this place.
 B = Non-inter-level travel time spent in this place.
 C = Inter-level travel time spent in this place.
 D = Time resting spent in this place.
 E = Time spent auto-exploring this place.
 F = Levels seen in this place.
 G = Mean time per level.
                   A        B        C        D        E       F      G
               +--------+--------+--------+--------+--------+-----+--------+
         Total |    225 |    211 |     14 |      0 |    169 |   1 |  225.0 |
       Dungeon |    225 |    211 |     14 |      0 |    169 |   1 |  225.0 |
               +--------+--------+--------+--------+--------+-----+--------+

Top non-repeatable levels by time:
     D:1: 225 daAuts
